 Dungeon Crawl Stone Soup version 0.31.0-2-g5a2aebc5c2 (webtiles) character file.

Game seed: 13538236113328624455

2796 stipulation the Grappler (level 9, 0/70 HPs)
             Began as a Ghoul Monk on Jan 21, 2024.
             Slain by a killer bee (6 damage)
             ... on level 8 of the Dungeon.
             The game lasted 00:04:07 (5127 turns).

stipulation the Grappler (Ghoul Monk)               Turns: 5127, Time: 00:04:07

Health: 0/70       AC:  7    Str: 19    XL:     9   Next: 71%
Magic:  9/9        EV: 11    Int:  9    God:
Gold:   136        SH:  0    Dex: 11    Spells: 8/8 levels left

rFire   . .          .
                       - Unarmed
rCold   + + .        c - orb {light}
rNeg    + + +        r - +0 ring mail
rPois   ∞            m - +0 helmet
rElec   .            B - +0 cloak
rCorr   .            (no gloves)
SInv    .            (no boots)
Will    .....        (no amulet) Stlth
                     v - ring of protection from cold
HPRegen 0.00/turn    (no ring)
MPRegen 0.11/turn

%: no passive effects
@: inhibited regen, glowing
A: claws 1, cold resistance 1, negative energy resistance 3, inhibited
regeneration, torment resistance 2, devour on kill
a: no special abilities


You were on level 8 of the Dungeon.
You visited 2 branches of the dungeon, and saw 9 of its levels.

You collected 226 gold pieces.
You spent 90 gold pieces at shops.

Inventory:

Armour
 a - a +0 robe
 c - an orb of light (worn)
 h - a +0 leather armour
 m - a +0 helmet (worn)
 q - a +0 kite shield
 r - a +0 ring mail (worn)
 B - a +0 cloak (worn)
Jewellery
 p - a ring of magical power
 v - a ring of protection from cold (left claw)
 C - a +6 ring of intelligence
Scrolls
 f - 3 scrolls of teleportation
 g - 2 scrolls of summoning {unknown}
 j - 2 scrolls of enchant weapon {unknown}
 k - 2 scrolls of fear {unknown}
 l - a scroll of silence {unknown}
 o - a scroll of fog {unknown}
 u - a scroll of torment {unknown}
 w - 2 scrolls of identify {unknown}
 x - 2 scrolls of blinking {unknown}
 y - 2 scrolls of immolation {unknown}
 z - 3 scrolls of enchant armour {unknown}
 A - a scroll of acquirement {unknown}
Potions
 b - a potion of ambrosia
 d - 2 potions of magic {unknown}
 e - a potion of lignification {unknown}
 i - 2 potions of might {unknown}
 n - 3 potions of curing
 s - a potion of brilliance {unknown}
 t - 2 potions of attraction {unknown}
 D - a potion of berserk rage {unknown}
 E - a potion of degeneration {unknown}


   Skills:
 - Level 3.2 Fighting
 - Level 2.6 Dodging
 + Level 14.4 Unarmed Combat


You had 8 spell levels left.
You didn't know any spells.
Your spell library was empty.

Dungeon Overview and Level Annotations

Branches:
Dungeon (9/15)             Temple (1/1) D:4
   Lair: D:8-11         Orc: D:9-12

Altars:
Ashenzari
Cheibriados
Dithmenos
Fedhas
Gozag
Hepliaklqana
Kikubaaqudgha
Makhleb
Nemelex Xobeh
Okawaru
Qazlal
Ru
Sif Muna
Trog
Uskayaw
Vehumet
Xom
Yredelemnul


Innate Abilities, Weirdness & Mutations

You are immune to poison.
You have sharp fingernails.
Your flesh is cold resistant. (rC+)
You are immune to negative energy. (rN+++)
You do not regenerate when monsters are visible.
You are immune to unholy pain and torment.
You thrive by killing the living.


Message History

You miss the killer bee. The killer bee closely misses you.
The killer bee stings you.
You claw the killer bee!
The killer bee is heavily wounded.
The killer bee barely misses you. The killer bee stings you!
The killer bee stings you but does no damage.
The killer bee barely misses you.
You claw the killer bee!
You kill the killer bee!
You feel better. The killer bee closely misses you.
You barely miss the killer bee. The killer bee barely misses you.
The killer bee completely misses you. The killer bee stings you.
The killer bee closely misses you.
You claw the killer bee!
The killer bee is almost dead.
The killer bee stings you but does no damage. x2
You closely miss the killer bee.
The killer bee is almost dead.
The killer bee stings you.
* * * LOW HITPOINT WARNING * * *
The killer bee stings you.
* * * LOW HITPOINT WARNING * * *
The killer bee stings you but does no damage.
The killer bee stings you.
* * * LOW HITPOINT WARNING * * *
You barely miss the killer bee.
The killer bee is almost dead.
The killer bee stings you.
* * * LOW HITPOINT WARNING * * *
The killer bee stings you but does no damage.
You scratch the killer bee.
The killer bee is almost dead.
The killer bee stings you.
* * * LOW HITPOINT WARNING * * *
The killer bee closely misses you.
You barely miss the killer bee.
The killer bee is almost dead.
The killer bee stings you but does no damage.
The killer bee misses you. The killer bee stings you.
You die...

##...............
#................
##.......#......
#..##...........
#...............
##.#............
# ##(..........
##yyy...#...
#@#..#.# ########


You could see 3 killer bees.

Vanquished Creatures
  Pikel (D:5)
  A troll (D:8)
  Sigmund (D:3)
  A steam dragon (D:9)
  Duvessa (D:4)
  2 water moccasins (D:6)
  3 ice beasts
  A black bear (D:5)
  An orc warrior (D:8)
  A gnoll sergeant (D:9)
  A bullfrog (D:8)
  Dowan (D:4)
  3 killer bees (D:8)
  3 howler monkeys
  2 jellies
  An orc priest (D:5)
  2 hounds (D:4)
  3 iguanas
  4 orc wizards
  Robin (D:3)
  13 gnolls
  7 adders
  2 white imps (D:6)
  An ufetubus (D:6)
  2 dart slugs (D:2)
  23 orcs
  6 ball pythons
  10 bats
  8 endoplasms
  3 giant cockroaches
  14 goblins
  8 hobgoblins
  7 jackals (D:1)
  4 quokkas
  5 frilled lizards
  8 kobolds
  3 rats
158 creatures vanquished.

Notes
Turn   | Place    | Note
-------+----------+-------------------------------------------
     0 | D:1      | stipulation the Ghoul Monk began the quest for the Orb.
     0 | D:1      | Reached XP level 1. HP: 19/19 MP: 1/1
    46 | D:1      | Reached XP level 2. HP: 26/26 MP: 2/2
    82 | D:1      | Reached skill level 4 in Unarmed Combat
   345 | D:1      | Reached XP level 3. HP: 31/31 MP: 3/3
   607 | D:2      | Reached skill level 5 in Unarmed Combat
   702 | D:2      | Reached XP level 4. HP: 38/38 MP: 4/4
   878 | D:2      | Reached skill level 6 in Unarmed Combat
   884 | D:2      | Reached XP level 5. HP: 23/45 MP: 5/5
  1431 | D:2      | Found a faded altar of an unknown god.
  1755 | D:3      | Noticed Robin
  1812 | D:3      | Killed Robin
  1893 | D:3      | Reached skill level 7 in Unarmed Combat
  1919 | D:3      | Reached XP level 6. HP: 36/51 MP: 6/6
  2187 | D:3      | Noticed Sigmund
  2194 | D:3      | Killed Sigmund
  2195 | D:3      | Reached skill level 8 in Unarmed Combat
  2525 | D:4      | Noticed Duvessa
  2528 | D:4      | Noticed Dowan
  2535 | D:4      | Killed Duvessa
  2536 | D:4      | Reached XP level 7. HP: 33/57 MP: 7/7
  2548 | D:4      | Killed Dowan
  2549 | D:4      | Reached skill level 9 in Unarmed Combat
  2649 | D:4      | Found a staircase to the Ecumenical Temple.
  2695 | Temple   | Entered the Ecumenical Temple
  3005 | D:4      | Found a shimmering altar of Xom.
  3005 | D:4      | Found a burning altar of Makhleb.
  3012 | D:4      | Found a faded altar of an unknown god.
  3014 | D:4      | Found an iron altar of Okawaru.
  3016 | D:4      | Found a radiant altar of Vehumet.
  3106 | D:5      | Entered Level 5 of the Dungeon
  3147 | D:5      | Noticed Pikel
  3171 | D:5      | Killed Pikel
  3172 | D:5      | Reached skill level 11 in Unarmed Combat
  3172 | D:5      | Reached XP level 8. HP: 17/63 MP: 8/8
  3517 | D:5      | Reached skill level 12 in Unarmed Combat
  3895 | D:6      | Found a shadowy altar of Dithmenos.
  3985 | D:6      | Reached XP level 9. HP: 47/70 MP: 9/9
  4207 | D:6      | Reached skill level 13 in Unarmed Combat
  4493 | D:6      | Found Zin's Purification Station.
  4504 | D:6      | Bought a potion of curing for 90 gold pieces
  4536 | D:6      | You fall into a shaft and drop 3 floors!
  4586 | D:8      | Noticed a kobold demonologist
  4592 | D:8      | Noticed a rust devil
  4916 | D:8      | Noticed a troll
  4923 | D:8      | Killed a troll
  4924 | D:8      | Reached skill level 14 in Unarmed Combat
  5127 | D:8      | Slain by a killer bee

Illustrated notes

Levels and vault maps discovered:
D:1:      lightli_arrival_statuegarden, layout_basic, nrook_mini_vaults
D:2:      layout_basic, hellmonk_ecumenical_altar_defaced_shrine
D:3:      layout_loops_ring, st_stairs_10, minmay_misc_feat_ornament,
          minmay_misc_feat_square, uniq_robin, uniq_sigmund
D:4:      layout_rooms, chequers_temple_overflow_minitemple,
          minmay_temple_entry_trees, uniq_duvessa
D:5:      layout_basic, serial_rivers, chequers_serial_rivers_micro_d,
          chequers_serial_rivers_micro_a, chequers_serial_rivers_small_b,
          chequers_serial_rivers_micro_d, uniq_pikel
D:6:      layout_basic, grunt_dithmenos_smoke, zin_purify,
          minmay_increasing_density
D:8:      cheibrodos_helix_gallery, layout_cave_pools, minmay_lair_entry_grove
D:9:      layout_rooms, serial_shops, kennysheep_mini_moat
Temple:   minmay_freezing_vapour_temple

Skill      XL: |  1  2  3  4  5  6  7  8  9 |
---------------+----------------------------+-----
Unarmed Combat | 4 5 6 7 8 11 12 14 | 14.4
Fighting       | |  3.2
Dodging        | |  2.6

Action                     |  1- 3 |  4- 6 |  7- 9 || total
---------------------------+-------+-------+-------++-------
  Melee: Unarmed           |    80 |   152 |   186 ||   418
    Use: Potion            |       |       |     1 ||     1
         Scroll            |       |       |     1 ||     1
 Armour: Robe              |     7 |       |       ||     7
         Leather armour    |    25 |    26 |       ||    51
         Ring mail         |       |    70 |   169 ||   239
  Dodge: Dodged            |    51 |    79 |   106 ||   236
